[Event "Titled Tuesday Blitz July 18 Early 2023"]
[White "Postlmayer, Jakob"]
[Black "Haug, Havard"]
[WhiteFideId "1643622"]
[BlackFideId "1547887"]
[WhiteElo "2548"]
[BlackElo "2669"]
[Result "1-0"]
[Round "11"]
[TimeControl "180+2"]
[Date "2023.07.18"]
[WhiteClock "0:01:09"]
[BlackClock "0:00:01"]
[Board "34"]

1. e4 c6 2. Nc3 d5 3. Nf3 dxe4 4. Nxe4 Nf6 5. Qe2 Na6 6. Nxf6+ gxf6 7. g3 Qd5 8. Bg2 Bg4 9. O-O Nc7 10. h3 Bxf3 11. Bxf3 Qd7 12. Bg2 O-O-O 13. d3 e6 14. Bd2 Rg8 15. b4 Bd6 16. a4 Rg6 17. b5 c5 18. a5 Nxb5 19. a6 b6 20. Qe4 Nd4 21. Bc3 Nb5 22. Bb2 Bb8 23. Rad1 Nd6 24. Qh4 Nf5 25. Qe4 Rdg8 26. d4 Nxg3 27. fxg3 Rxg3 28. Rf2 f5 29. Qb7+ Qxb7 30. axb7+ Kd8 31. dxc5+ Ke7 32. c6 Bd6 33. Kf1 R3g6 34. Rxd6 Kxd6 35. Rd2+ Kc7 36. Be5# 1-0


[Site "https://www.chess.com"]

[Event "Titled Tuesday Blitz July 18 Early 2023"]
[White "Aravindh, Chithambaram VR."]
[Black "Arat, Ufuk Sezen"]
[WhiteFideId "5072786"]
[BlackFideId "6309089"]
[WhiteElo "2921"]
[BlackElo "2616"]
[Result "1-0"]
[Round "11"]
[TimeControl "180+2"]
[Date "2023.07.18"]
[WhiteClock "0:00:22"]
[BlackClock "0:00:00"]
[Board "35"]

1. b3 e5 2. Bb2 Nc6 3. c4 g6 4. g3 Bg7 5. Bg2 Nge7 6. Nc3 O-O 7. e3 d6 8. Nge2 Be6 9. Nd5 Bxd5 10. cxd5 Nb4 11. O-O Nbxd5 12. Rc1 c6 13. d4 Nb6 14. dxe5 dxe5 15. Qc2 Qc7 16. Rfd1 Rad8 17. Nc3 Rxd1+ 18. Rxd1 Rd8 19. Rc1 Ned5 20. a3 Nxc3 21. Qxc3 Nd5 22. Qc5 Qb6 23. Qc4 a5 24. Rd1 Ne7 25. Qc2 h5 26. h3 Bf6 27. Be4 Kg7 28. Kg2 Qc7 29. Bc3 Nd5 30. Bb2 Ne7 31. Rd3 Nc8 32. Rxd8 Qxd8 33. Qc5 Qb6 34. Qc3 Nd6 35. Bc2 Ne8 36. Qc4 Nd6 37. Qd3 Qc7 38. a4 Qe7 39. Bc3 e4 40. Qd2 b6 41. b4 axb4 42. Bxb4 c5 43. Bc3 Bxc3 44. Qxc3+ Qf6 45. Qb3 Qd8 46. Qb2+ Kg8 47. Qe5 Qd7 48. Qd5 Qe7 49. Qc6 Qd8 50. Bb3 Kg7 51. Ba2 Kg8 52. Qd5 Qf6 53. Bb3 Kg7 54. Bd1 Qe7 55. Qb3 c4 56. Qxb6 c3 57. Qc5 Qf6 58. Qc6 Nf5 59. Qxe4 Qb6 60. Bc2 Qb2 61. Qe5+ f6 62. Qe4 Nd6 63. Qe7+ Nf7 64. Qe4 Nd6 65. Qxg6+ Kf8 66. Qxf6+ Nf7 67. Bg6 Qb7+ 68. e4 Qe7 69. Qc6 Ne5 70. Qc8+ Kg7 71. Bxh5 Qb4 72. Qc7+ Kf8 73. Qxe5 c2 74. Qf6+ Kg8 75. Bf7+ Kh7 76. Qg6+ 1-0


[Site "https://www.chess.com"]

[Event "Titled Tuesday Blitz July 18 Early 2023"]
[White "Vokhidov, Shamsiddin"]
[Black "Skliarov, Viktor"]
[WhiteFideId "14204223"]
[BlackFideId "14106736"]
[WhiteElo "2894"]
[BlackElo "2601"]
[Result "1/2-1/2"]
[Round "11"]
[TimeControl "180+2"]
[Date "2023.07.18"]
[WhiteClock "0:00:44"]
[BlackClock "0:00:04"]
[Board "36"]

1. e4 c5 2. Nf3 Nc6 3. Nc3 Nf6 4. Bb5 Nd4 5. e5 Nxb5 6. Nxb5 Nd5 7. O-O a6 8. c4 Nc7 9. Nc3 g6 10. d4 cxd4 11. Qxd4 Ne6 12. Qh4 Bg7 13. Bh6 O-O 14. Ne4 b6 15. Nfg5 Nxg5 16. Nxg5 f6 17. exf6 exf6 18. Bxg7 fxg5 19. Qd4 Rf7 20. Be5 Bb7 21. Rad1 Bc6 22. Rfe1 b5 23. Re3 Qf8 24. f3 Qb4 25. b3 bxc4 26. bxc4 Qa4 27. Rde1 Re8 28. Bd6 Re6 29. Rxe6 dxe6 30. Qb6 g4 31. Qd8+ Be8 32. Rxe6 Qd1+ 33. Kf2 Rxf3+ 34. gxf3 Qxf3+ 35. Ke1 Qc3+ 36. Kd1 Qd3+ 37. Ke1 Qc3+ 38. Kf1 Qf3+ 39. Kg1 Qd1+ 40. Kf2 Qf3+ 41. Ke1 Qc3+ 1/2-1/2


[Site "https://www.chess.com"]

[Event "Titled Tuesday Blitz July 18 Early 2023"]
[White "Shukhman, Anna"]
[Black "Molina, Roberto Junio Brito"]
[WhiteFideId "54180058"]
[BlackFideId "2109450"]
[WhiteElo "2598"]
[BlackElo "2861"]
[Result "0-1"]
[Round "11"]
[TimeControl "180+2"]
[Date "2023.07.18"]
[WhiteClock "0:00:04"]
[BlackClock "0:00:02"]
[Board "37"]

1. e4 a5 2. d4 d6 3. f4 g6 4. Nf3 Bg7 5. Bd3 Bg4 6. Be3 Nd7 7. h3 Bxf3 8. Qxf3 c5 9. c3 cxd4 10. cxd4 Qb6 11. Qf2 Ngf6 12. Nc3 O-O 13. e5 Ne8 14. O-O Qd8 15. Rac1 e6 16. d5 dxe5 17. dxe6 fxe6 18. Bc4 exf4 19. Bxe6+ Kh8 20. Bd4 Ne5 21. Rfd1 Qe7 22. Bb3 Qg5 23. Ne4 Qf5 24. Bc2 Qh5 25. Re1 Rd8 26. Bb6 Rc8 27. Bd1 Qf5 28. Rxc8 Qxc8 29. Qc5 Qf5 30. Bc2 f3 31. g4 Qf4 32. Qe3 Qf7 33. Nf2 Nc4 34. Qb3 Nxb6 35. Qxb6 Qf4 36. Re4 Qg3+ 37. Kf1 Nf6 38. Re6 Nd5 39. Qc5 Nf4 40. Be4 Nxe6 41. Qd5 Qg2+ 42. Ke1 Qg1+ 43. Kd2 Qxf2+ 44. Kc1 Nf4 45. Qc4 Ne2+ 46. Kc2 Nd4+ 47. Kc1 Qe1# 0-1


[Site "https://www.chess.com"]

[Event "Titled Tuesday Blitz July 18 Early 2023"]
[White "Wagh Suyog"]
[Black "Colas, Joshua"]
[WhiteFideId "25071688"]
[BlackFideId "2044447"]
[WhiteElo "2796"]
[BlackElo "2597"]
[Result "1-0"]
[Round "11"]
[TimeControl "180+2"]
[Date "2023.07.18"]
[WhiteClock "0:00:27"]
[BlackClock "0:00:00"]
[Board "38"]

1. d4 Nf6 2. c4 e6 3. g3 d5 4. Nf3 Be7 5. Bg2 O-O 6. O-O dxc4 7. Qc2 a6 8. a4 Bd7 9. Qxc4 Bc6 10. Nc3 b5 11. Qd3 b4 12. Nb1 Nbd7 13. Bg5 h6 14. Bxf6 Nxf6 15. Nbd2 a5 16. Rfc1 Bb7 17. Ne5 Bxg2 18. Kxg2 Bd6 19. Nc6 Qd7 20. f4 Rfc8 21. Nf3 Nd5 22. e4 Nb6 23. Qb5 f6 24. h4 f5 25. exf5 exf5 26. Nxa5 Qxb5 27. axb5 Re8 28. Ne5 Nd5 29. Nac6 b3 30. Kf3 h5 31. Rd1 Ra2 32. Rab1 Rea8 33. Rd3 Nf6 34. Rxb3 Ne4 35. Rd3 R8a4 36. Ke2 Ra1 37. Rxa1 Rxa1 38. Nc4 Rg1 39. d5 Rg2+ 40. Kf1 Rf2+ 41. Ke1 Rg2 42. Nxd6 Nxd6 43. Nd4 Rxb2 44. Rc3 Nxb5 45. Rc4 Nxd4 46. Rxd4 Kf7 47. Rc4 Rb7 48. Rc6 Ke7 49. Re6+ Kf7 50. Rc6 Ke7 51. Ke2 Rb2+ 52. Kd3 Rb3+ 53. Kd4 Rxg3 54. Rxc7+ Kd6 55. Rc6+ Kd7 56. Ke5 Rg4 57. Ra6 Rxh4 58. Ra7+ Kc8 59. Rxg7 Rg4 60. Rh7 1-0


[Site "https://www.chess.com"]

[Event "Titled Tuesday Blitz July 18 Early 2023"]
[White "Pinero Rodriguez, Carlos Jose"]
[Black "Kosteniuk, Alexandra"]
[WhiteFideId "3901726"]
[BlackFideId "4128125"]
[WhiteElo "2596"]
[BlackElo "2788"]
[Result "0-1"]
[Round "11"]
[TimeControl "180+2"]
[Date "2023.07.18"]
[WhiteClock "0:01:52"]
[BlackClock "0:02:31"]
[Board "39"]

1. b3 f5 2. Bb2 Nf6 3. e3 g6 4. c4 Bg7 5. Nf3 d6 6. d4 a5 7. a3 O-O 8. Nbd2 Nbd7 9. Be2 Qe8 10. d5 Nc5 11. Qc2 e5 12. dxe6 Bxe6 13. Nd4 Bd7 14. Bf3 Nce4 15. Nxe4 fxe4 16. Be2 Ng4 17. Bxg4 Bxg4 18. Nb5 Qf7 19. Bxg7 Qxg7 20. O-O Rae8 21. Qc3 Re5 22. h3 Bf3 23. gxf3 Rxf3 24. Nd4 Rg5+ 25. Kh2 Rxh3+ 0-1


[Site "https://www.chess.com"]

[Event "Titled Tuesday Blitz July 18 Early 2023"]
[White "Parpiev, Isaak"]
[Black "djokovic74"]
[WhiteFideId "34281576"]
[WhiteElo "2590"]
[BlackElo "2737"]
[Result "1-0"]
[Round "11"]
[TimeControl "180+2"]
[Date "2023.07.18"]
[WhiteClock "0:00:05"]
[BlackClock "0:00:00"]
[Board "40"]

1. d4 e6 2. c4 Nf6 3. Nc3 Bb4 4. e3 O-O 5. Bd3 b6 6. a3 Bxc3+ 7. bxc3 Bb7 8. f3 d5 9. cxd5 exd5 10. Ne2 Nbd7 11. O-O c5 12. Ng3 Re8 13. Re1 Nf8 14. Bb2 cxd4 15. cxd4 Ne6 16. Qd2 Kh8 17. Kh1 Qd7 18. Rad1 Red8 19. Bf5 Qd6 20. e4 dxe4 21. fxe4 Qf4 22. d5 Qxd2 23. Rxd2 Nc5 24. Bxf6 gxf6 25. d6 Ba6 26. Red1 Ne6 27. Nh5 Rac8 28. Nxf6 Rc3 29. Nxh7 Kg7 30. d7 Nc5 31. Ng5 Bd3 32. h4 Kf6 33. Kh2 Ke7 34. Rf2 f6 35. Nf3 Rxa3 36. g4 Bxe4 37. Bxe4 Nxe4 38. Re2 Rxf3 39. Rxe4+ Kf7 40. h5 Rc3 41. h6 Kg6 42. Re8 Rxd7 43. Rxd7 Kxh6 44. Rh8+ Kg5 45. Rd4 a5 46. Rh5+ Kg6 47. Rb5 Rc6 48. Kg3 Rc3+ 49. Kf4 Rc6 50. Re4 Rd6 51. Rc4 Re6 52. Rc7 Rd6 53. Rb7 Rd4+ 54. Kg3 a4 55. R7xb6 a3 56. Ra5 Rd3+ 57. Kh4 Rc3 58. Raa6 Kg7 59. Rxf6 a2 60. Rf2 1-0


[Site "https://www.chess.com"]

[Event "Titled Tuesday Blitz July 18 Early 2023"]
[White "Xu, Yi"]
[Black "Bodnaruk, Anastasia"]
[WhiteFideId "8605564"]
[BlackFideId "4181751"]
[WhiteElo "2730"]
[BlackElo "2585"]
[Result "1-0"]
[Round "11"]
[TimeControl "180+2"]
[Date "2023.07.18"]
[WhiteClock "0:01:08"]
[BlackClock "0:00:00"]
[Board "41"]

1. g3 Nf6 2. Bg2 g6 3. e4 d6 4. d4 Bg7 5. Ne2 O-O 6. O-O e5 7. h3 Nc6 8. d5 Ne7 9. c4 c5 10. Nbc3 Nh5 11. g4 Nf4 12. Nxf4 exf4 13. Bxf4 f5 14. exf5 gxf5 15. g5 Ng6 16. Qd2 Nxf4 17. Qxf4 Be5 18. Qh4 f4 19. Bf3 Bf5 20. Rae1 Rf7 21. Bg4 Qd7 22. Ne4 f3 23. Nxc5 dxc5 24. Rxe5 Bxg4 25. hxg4 Rf4 26. Re6 Qg7 27. Rfe1 Qd4 28. Re8+ Rxe8 29. Rxe8+ Rf8 30. Re7 Qd3 31. Qh6 Qg6 32. Qxg6+ hxg6 33. d6 Rd8 34. d7 Kf8 35. Re8+ Rxe8 36. dxe8=B Kxe8 37. Kh2 Ke7 38. Kg3 Ke6 39. Kxf3 Ke5 40. Ke3 a6 41. f4+ Kd6 42. Ke4 b5 43. b3 Ke6 44. f5+ 1-0


[Site "https://www.chess.com"]

[Event "Titled Tuesday Blitz July 18 Early 2023"]
[White "Mikhailovsky, Vladimir"]
[Black "Fonseca Manrique, Enrique"]
[WhiteFideId "34105414"]
[BlackFideId "5114330"]
[WhiteElo "2726"]
[BlackElo "2587"]
[Result "1-0"]
[Round "11"]
[TimeControl "180+2"]
[Date "2023.07.18"]
[WhiteClock "0:01:54"]
[BlackClock "0:01:50"]
[Board "42"]

1. e4 c5 2. c3 d5 3. exd5 Qxd5 4. d4 Nf6 5. Nf3 e6 6. Na3 a6 7. Nc4 Nbd7 8. a4 b5 9. Ne3 Qc6 10. axb5 axb5 11. Bxb5 Qb7 12. Rxa8 Qxa8 13. O-O Be7 14. dxc5 Bxc5 15. Ne5 O-O 16. Bxd7 1-0


[Site "https://www.chess.com"]

[Event "Titled Tuesday Blitz July 18 Early 2023"]
[White "Preotu, Razvan"]
[Black "Sargsyan, Anna M."]
[WhiteFideId "2613280"]
[BlackFideId "13308130"]
[WhiteElo "2723"]
[BlackElo "2584"]
[Result "1-0"]
[Round "11"]
[TimeControl "180+2"]
[Date "2023.07.18"]
[WhiteClock "0:00:04"]
[BlackClock "0:00:01"]
[Board "43"]

1. e4 e5 2. Nf3 Nc6 3. Bc4 Bc5 4. c3 Nf6 5. d3 d6 6. O-O O-O 7. Re1 h6 8. b4 Bb6 9. Nbd2 a5 10. b5 Ne7 11. d4 Ng6 12. Bf1 Re8 13. Nc4 Bg4 14. h3 Bh5 15. Nxb6 cxb6 16. g4 Nxg4 17. hxg4 Bxg4 18. Qd3 Qf6 19. Nh2 Bd7 20. Qf3 Qe7 21. Ba3 Rac8 22. Rad1 exd4 23. cxd4 Rc2 24. e5 Nh4 25. Qg3 Nf5 26. Qb3 Qg5+ 27. Bg2 Rec8 28. exd6 R8c3 29. Qd5 Qh4 30. Rf1 Rxa3 31. Qxb7 Qd8 32. Qe4 Raxa2 33. Qe5 Nh4 34. Be4 Re2 35. Rde1 Qg5+ 36. Qxg5 hxg5 37. Rxe2 Rxe2 38. Bc6 Bh3 39. d7 Bxd7 40. Bxd7 a4 41. Ra1 Rd2 42. Bc6 Rxd4 43. Nf3 Rg4+ 44. Kf1 Ng6 45. Nd2 Rd4 46. Nf3 Rg4 47. Bd7 Rb4 48. Nxg5 Nf4 49. Bc6 f5 50. Nf3 Kf7 51. Ne5+ Ke6 52. Nd7 Nd3 53. Nxb6 g5 54. Rxa4 Rb1+ 55. Ke2 Nf4+ 56. Kd2 Rb2+ 57. Kc1 Nd3+ 58. Kd1 Nxf2+ 59. Ke1 Nd3+ 60. Kf1 f4 61. Nc4 Rf2+ 62. Kg1 Rc2 63. b6 g4 64. b7 Rc1+ 65. Kg2 Rc2+ 66. Kg1 Rc1+ 67. Kg2 Rc2+ 68. Kf1 f3 69. Ra1 g3 70. Bxf3 Rf2+ 71. Kg1 Rxf3 72. b8=Q 1-0


[Site "https://www.chess.com"]

[Event "Titled Tuesday Blitz July 18 Early 2023"]
[White "Liyanage, Ranindu Dilshan"]
[Black "Lana Rodriguez, David"]
[WhiteFideId "9915834"]
[BlackFideId "2270803"]
[WhiteElo "2693"]
[BlackElo "2575"]
[Result "0-1"]
[Round "11"]
[TimeControl "180+2"]
[Date "2023.07.18"]
[WhiteClock "0:01:45"]
[BlackClock "0:01:49"]
[Board "44"]

1. e4 d5 2. exd5 Qxd5 3. Nc3 Qa5 4. d4 Nf6 5. Nf3 Nc6 6. Bb5 Bd7 7. Bd2 Qb6 8. Be3 Nb4 9. d5 Qd6 10. Bxd7+ Qxd7 11. Ne5 Qf5 12. Qd4 Nxc2+ 0-1


[Site "https://www.chess.com"]

[Event "Titled Tuesday Blitz July 18 Early 2023"]
[White "Gavrilov, Maxim"]
[Black "Dimitrov, Atanas"]
[WhiteFideId "24271454"]
[BlackFideId "2901315"]
[WhiteElo "2569"]
[BlackElo "2679"]
[Result "1-0"]
[Round "11"]
[TimeControl "180+2"]
[Date "2023.07.18"]
[WhiteClock "0:00:39"]
[BlackClock "0:00:05"]
[Board "45"]

1. d4 Nf6 2. c4 g6 3. Nf3 Bg7 4. g3 O-O 5. Bg2 b6 6. O-O Bb7 7. Nc3 d5 8. cxd5 Nxd5 9. Qb3 Nxc3 10. bxc3 Nd7 11. c4 c5 12. e3 Rc8 13. Bb2 cxd4 14. exd4 Qc7 15. Rac1 Rfd8 16. Rfe1 e6 17. h4 h6 18. h5 g5 19. d5 Nc5 20. Qc2 exd5 21. Bxg7 Kxg7 22. Qc3+ Kg8 23. cxd5 Bxd5 24. Qf6 Rd6 25. Qf5 Be6 26. Qb1 Rcd8 27. Ne5 Bd5 28. Bxd5 Rxd5 29. Ng4 R5d6 30. Qa1 Qc6 31. Re7 Qf3 32. Rce1 Nd7 33. Rxd7 R6xd7 34. Nf6+ Kh8 35. Nxd7+ f6 36. Nxf6 1-0


[Site "https://www.chess.com"]

[Event "Titled Tuesday Blitz July 18 Early 2023"]
[White "Shuvalova, Polina"]
[Black "robertoalejandro10"]
[WhiteFideId "24171760"]
[WhiteElo "2666"]
[BlackElo "2568"]
[Result "1-0"]
[Round "11"]
[TimeControl "180+2"]
[Date "2023.07.18"]
[WhiteClock "0:00:32"]
[BlackClock "0:00:00"]
[Board "46"]

1. e4 c5 2. Nf3 g6 3. c3 d5 4. exd5 Qxd5 5. d4 Bg7 6. Na3 cxd4 7. Nb5 Na6 8. Nbxd4 Nf6 9. Be3 O-O 10. Be2 Ng4 11. Bg5 Re8 12. h3 Nf6 13. O-O Nc5 14. Nb5 Qxd1 15. Rfxd1 Ne6 16. Be3 a6 17. Na3 b5 18. Nc2 Bb7 19. a4 Nc7 20. axb5 axb5 21. Bc5 e6 22. Nfd4 Ba6 23. Nb4 Nfd5 24. Nxa6 Nxa6 25. Bd6 Bxd4 26. Rxd4 Red8 27. Bg3 Nac7 28. Rxa8 Rxa8 29. Bxc7 Nxc7 30. Rd7 Ra7 31. Bf3 1-0


[Site "https://www.chess.com"]

[Event "Titled Tuesday Blitz July 18 Early 2023"]
[White "Nagare Kaivalya Sandip"]
[Black "LeoLV10"]
[WhiteFideId "25957929"]
[WhiteElo "2662"]
[BlackElo "2546"]
[Result "1-0"]
[Round "11"]
[TimeControl "180+2"]
[Date "2023.07.18"]
[WhiteClock "0:00:56"]
[BlackClock "0:00:05"]
[Board "47"]

1. e4 c6 2. d3 d5 3. Nd2 e5 4. Ngf3 Bd6 5. g3 Ne7 6. Bg2 O-O 7. O-O Nd7 8. Re1 Re8 9. b3 Ng6 10. h4 Nf6 11. exd5 cxd5 12. Bb2 Bg4 13. Qc1 Rc8 14. Nh2 Bd7 15. Qd1 h5 16. Bf3 e4 17. dxe4 dxe4 18. Nxe4 Nxe4 19. Bxe4 Rxe4 20. Rxe4 Qc7 21. Nf1 Bc6 22. Re1 Rd8 23. Qxh5 Bb4 24. c3 Rd5 25. Qe2 Bc5 26. b4 Bd6 27. Rad1 Rf5 28. Ne3 Re5 29. c4 Re8 30. Qg4 Be5 31. Nd5 Bxd5 32. cxd5 Qd6 33. Bxe5 Nxe5 34. Qe2 f6 35. f4 Qb6+ 36. Kg2 Ng4 37. Qxe8+ Kh7 38. Qh5+ Nh6 39. d6 Qc6+ 40. Kh2 Qc2+ 41. Qe2 Qf5 42. d7 Ng4+ 43. Qxg4 Qxg4 44. d8=Q 1-0


[Site "https://www.chess.com"]

[Event "Titled Tuesday Blitz July 18 Early 2023"]
[White "benny_aizenberg"]
[Black "Gulamali, Kazim"]
[BlackFideId "2024764"]
[WhiteElo "2654"]
[BlackElo "2538"]
[Result "1-0"]
[Round "11"]
[TimeControl "180+2"]
[Date "2023.07.18"]
[WhiteClock "0:00:04"]
[BlackClock "0:00:01"]
[Board "48"]

1. g4 d5 2. g5 e5 3. h4 h6 4. g6 fxg6 5. d4 e4 6. c4 dxc4 7. Nc3 Nf6 8. Bg2 Bf5 9. Qa4+ Nc6 10. e3 Qd7 11. Qxc4 Nb4 12. Kf1 Rc8 13. a3 Nd3 14. f3 c5 15. fxe4 cxd4 16. Qxd4 Bc5 17. Qxd7+ Bxd7 18. Ke2 Ne5 19. Bh3 O-O 20. Bd2 Nfg4 21. Rf1 Rxf1 22. Bxf1 Rf8 23. Nh3 Nf3 24. Bc1 b5 25. Nf4 Nfe5 26. Bh3 a5 27. Rd1 b4 28. axb4 axb4 29. Rxd7 bxc3 30. Rd5 cxb2 31. Bxb2 Bxe3 32. Bxe5 Bxf4 33. Bxg4 Bxe5 34. Rxe5 Rf4 35. Be6+ Kf8 36. h5 Ke7 37. Bf5+ Kd6 38. Re6+ Kc5 39. Bxg6 1-0


[Site "https://www.chess.com"]

[Event "Titled Tuesday Blitz July 18 Early 2023"]
[White "Garcia Blanco, Omar"]
[Black "Philippe, Guillaume"]
[WhiteFideId "2287153"]
[BlackFideId "36048763"]
[WhiteElo "2627"]
[BlackElo "2536"]
[Result "1-0"]
[Round "11"]
[TimeControl "180+2"]
[Date "2023.07.18"]
[WhiteClock "0:00:56"]
[BlackClock "0:00:03"]
[Board "49"]

1. e4 c5 2. Nc3 Nc6 3. Bb5 Nd4 4. Nf3 Nxb5 5. Nxb5 d6 6. d4 cxd4 7. Qxd4 e5 8. Qd3 Be6 9. O-O a6 10. Nc3 Nf6 11. Bg5 Be7 12. Bxf6 Bxf6 13. Rfd1 Be7 14. Nd2 b5 15. a4 b4 16. Nd5 O-O 17. Nxb4 Qb6 18. Nd5 Bxd5 19. exd5 Qxb2 20. Nc4 Qb4 21. Rdb1 Qc5 22. Nb6 Ra7 23. a5 Bf6 24. Ra4 e4 25. Qxe4 Re7 26. Qc4 Rfe8 27. g3 Bd4 28. Qxd4 Qxc2 29. Rf1 Re4 30. Rc4 Qe2 31. Qc3 h6 32. Rxe4 Rxe4 33. Nc8 Rc4 34. Ne7+ Kf8 35. Qa1 Qxe7 36. Re1 Qc7 37. Qb1 Kg8 38. Re8# 1-0


[Site "https://www.chess.com"]

[Event "Titled Tuesday Blitz July 18 Early 2023"]
[White "MFatigue"]
[Black "Sanchez Alvares, Kelvin Antonio"]
[BlackFideId "3906680"]
[WhiteElo "2529"]
[BlackElo "2622"]
[Result "1-0"]
[Round "11"]
[TimeControl "180+2"]
[Date "2023.07.18"]
[WhiteClock "0:00:28"]
[BlackClock "0:00:03"]
[Board "50"]

1. e4 e5 2. Nf3 Nc6 3. d4 exd4 4. Bc4 Nf6 5. O-O Nxe4 6. Re1 d5 7. Bxd5 Qxd5 8. Nc3 Qd8 9. Rxe4+ Be7 10. Nxd4 O-O 11. Nxc6 bxc6 12. Be3 Bf5 13. Rd4 Qc8 14. Qe2 Bf6 15. Rc4 Rb8 16. b3 Qa6 17. Qf3 Be6 18. Rc5 Rb4 19. Re1 Qc8 20. Qxc6 Be7 21. Ra5 Bd6 22. Ne4 Be5 23. Ng3 Bf6 24. Bc5 Bd7 25. Qa6 Qxa6 26. Rxa6 Re8 27. Rxe8+ Bxe8 28. Bxb4 1-0


[Site "https://www.chess.com"]

[Event "Titled Tuesday Blitz July 18 Early 2023"]
[White "Mmukka"]
[Black "Mohamed Anees M"]
[BlackFideId "35065815"]
[WhiteElo "2507"]
[BlackElo "2622"]
[Result "1-0"]
[Round "11"]
[TimeControl "180+2"]
[Date "2023.07.18"]
[WhiteClock "0:00:11"]
[BlackClock "0:00:38"]
[Board "51"]

1. e4 c5 2. Nf3 Nc6 3. d4 cxd4 4. Nxd4 Nf6 5. Nc3 d6 6. Bg5 e6 7. Qd2 a6 8. O-O-O Bd7 9. f3 Nxd4 10. Qxd4 Be7 11. h4 Qc7 12. Kb1 b5 13. g4 O-O 14. Be3 Rfc8 15. Qd2 b4 16. Ne2 a5 17. h5 a4 18. Nc1 Rab8 19. g5 Ne8 20. g6 Bf6 21. gxf7+ Kxf7 22. Bd3 Qa5 23. f4 Bb5 24. e5 dxe5 25. Bxh7 Rd8 26. Qg2 Bc4 27. Bg6+ Ke7 28. Qc6 Bd5 29. Bc5+ Nd6 30. Rxd5 exd5 31. Qxd5 Rd7 32. Bxd6+ Rxd6 33. Qxa5 exf4 34. Re1+ Kf8 35. Qc5 Rd8 36. Rd1 Be7 37. Qf5+ Kg8 38. Rxd6 Bxd6 39. c3 bxc3 40. bxc3 a3 41. Kc2 Rb8 42. Nd3 Bf8 43. h6 f3 44. Qxf3 Bd6 45. Qd5+ Kh8 46. Qxd6 Rg8 47. Qe7 gxh6 48. Qh7# 1-0


[Site "https://www.chess.com"]

[Event "Titled Tuesday Blitz July 18 Early 2023"]
[White "Onufrienko, Vladislav"]
[Black "Besedes, Danilo"]
[WhiteFideId "13804332"]
[BlackFideId "946796"]
[WhiteElo "2621"]
[BlackElo "2504"]
[Result "0-1"]
[Round "11"]
[TimeControl "180+2"]
[Date "2023.07.18"]
[WhiteClock "0:00:08"]
[BlackClock "0:01:15"]
[Board "52"]

1. e4 g6 2. d4 Bg7 3. Nc3 c6 4. f4 d5 5. e5 h5 6. Bd3 Nh6 7. Nf3 Bg4 8. h3 Bxf3 9. Qxf3 e6 10. Be3 Nf5 11. Bf2 h4 12. O-O-O Nd7 13. Kb1 a6 14. Ne2 Bf8 15. c4 dxc4 16. Bxc4 Nb6 17. Bd3 Nd5 18. Be4 Qa5 19. Rc1 O-O-O 20. Rhd1 Kb8 21. Nc3 Bb4 22. Nxd5 cxd5 23. Bxf5 gxf5 24. a3 Be7 25. Qb3 Rhg8 26. Be1 Qb5 27. Qf3 Rg6 28. Rd3 Rdg8 29. Rb3 Qa4 30. Qc3 Qd7 31. Qa5 Rc8 32. Rxc8+ Qxc8 33. Qxa6 Rxg2 34. Ba5 Qc2+ 35. Ka2 Qxb3+ 36. Kxb3 bxa6 0-1


[Site "https://www.chess.com"]

[Event "Titled Tuesday Blitz July 18 Early 2023"]
[White "Bazilius, Augustinas"]
[Black "Petrosian, Karlen"]
[WhiteFideId "12832251"]
[BlackFideId "4176146"]
[WhiteElo "2440"]
[BlackElo "2617"]
[Result "1/2-1/2"]
[Round "11"]
[TimeControl "180+2"]
[Date "2023.07.18"]
[WhiteClock "0:01:40"]
[BlackClock "0:01:01"]
[Board "53"]

1. e4 e6 2. d4 d5 3. exd5 exd5 4. Bd3 Nc6 5. c3 Bd6 6. Ne2 Nge7 7. O-O Bf5 8. Bf4 O-O 9. Qc2 Bxd3 10. Qxd3 Ng6 11. Bxd6 Qxd6 12. Nd2 Nd8 13. f4 f5 14. Nf3 Nxf4 15. Nxf4 Qxf4 16. Ne5 Qe4 17. Qg3 f4 18. Qg4 Qf5 19. Qxf5 Rxf5 20. Nd3 Ne6 21. Rae1 Rf6 22. Re5 c6 23. Rfe1 Kf7 24. R5e2 g5 25. Ne5+ Ke7 26. Ng4 Rg6 27. Ne5 Rf6 28. Ng4 Rg6 29. Ne5 Rf6 1/2-1/2


[Site "https://www.chess.com"]

[Event "Titled Tuesday Blitz July 18 Early 2023"]
[White "Panesar Vedant"]
[Black "Vivas Zamora, Fabian Ernesto"]
[WhiteFideId "35033018"]
[BlackFideId "3902480"]
[WhiteElo "2707"]
[BlackElo "2451"]
[Result "1-0"]
[Round "11"]
[TimeControl "180+2"]
[Date "2023.07.18"]
[WhiteClock "0:01:13"]
[BlackClock "0:00:00"]
[Board "54"]

1. d4 Nf6 2. Nf3 g6 3. c4 Bg7 4. g3 c6 5. Bg2 d5 6. O-O O-O 7. Ne5 Ng4 8. Bf4 dxc4 9. e3 Nxe5 10. Bxe5 Bxe5 11. dxe5 Qxd1 12. Rxd1 Be6 13. Na3 Nd7 14. Nxc4 Rfd8 15. Na5 Nxe5 16. Nxb7 Rxd1+ 17. Rxd1 Rb8 18. Nc5 Bxa2 19. b3 a5 20. f4 Ng4 21. Ra1 Bxb3 22. Rb1 a4 23. Nxa4 Nxe3 24. Nc5 Nxg2 25. Nxb3 Ne3 26. Kf2 Nf5 27. g4 Nd4 28. Nd2 Rxb1 29. Nxb1 f6 30. Ke3 Nb5 31. Nd2 Kf7 32. Ne4 Nd6 33. Nc5 h5 34. h3 h4 35. Kd4 g5 36. f5 Ne8 37. Ne6 Ng7 38. Nd8+ Ke8 39. Nxc6 Kd7 40. Kd5 e6+ 41. fxe6+ Nxe6 42. Nb8+ Ke7 43. Nc6+ Kf7 44. Ke4 Nf4 45. Kf5 Nxh3 46. Nd8+ Ke7 47. Nc6+ Kd6 48. Nd4 Nf2 49. Kxf6 h3 50. Nf3 Ne4+ 51. Kf5 Kd5 52. Nh2 Kd4 53. Nf1 Kd3 54. Ke5 Ke2 55. Nh2 Ke3 56. Kf5 1-0


[Site "https://www.chess.com"]

[Event "Titled Tuesday Blitz July 18 Early 2023"]
[White "Arencibia Monduy, Antonio"]
[Black "Fiorito, Joaquin"]
[WhiteFideId "3507939"]
[BlackFideId "180173"]
[WhiteElo "2550"]
[BlackElo "2702"]
[Result "1-0"]
[Round "11"]
[TimeControl "180+2"]
[Date "2023.07.18"]
[WhiteClock "0:01:20"]
[BlackClock "0:01:14"]
[Board "55"]

1. e4 c5 2. Nf3 d6 3. Bc4 e6 4. O-O Nf6 5. d3 Be7 6. Bb3 O-O 7. c3 b6 8. Re1 Bb7 9. Nbd2 Nbd7 10. Nf1 a6 11. Ng3 b5 12. d4 cxd4 13. cxd4 Rc8 14. h3 Nb6 15. Bg5 Nc4 16. Qe2 Nd7 17. Bxe7 Qxe7 18. Rac1 Ndb6 19. Bxc4 Nxc4 20. b3 Nb6 21. Qd2 h6 22. Qa5 Na8 23. Qb4 Qd7 24. Qd2 Rc7 25. Rxc7 Qxc7 26. Rc1 Qd7 27. d5 exd5 28. exd5 Nc7 29. Nd4 Nxd5 30. Ndf5 Re8 31. Qd4 Re5 32. Qg4 g5 33. Nxh6+ Kg7 34. Qxd7 1-0


[Site "https://www.chess.com"]

[Event "Titled Tuesday Blitz July 18 Early 2023"]
[White "Aldokhin, Ivan"]
[Black "DCacheiro"]
[WhiteFideId "24115720"]
[WhiteElo "2662"]
[BlackElo "2542"]
[Result "1-0"]
[Round "11"]
[TimeControl "180+2"]
[Date "2023.07.18"]
[WhiteClock "0:00:31"]
[BlackClock "0:00:09"]
[Board "56"]

1. e4 e5 2. Nf3 Nc6 3. Bb5 a6 4. Ba4 Nf6 5. O-O Be7 6. Re1 b5 7. Bb3 O-O 8. d4 Nxd4 9. Nxd4 exd4 10. e5 Ne8 11. c3 c5 12. cxd4 c4 13. Bc2 d5 14. Nd2 Nc7 15. Nf1 Ne6 16. Ng3 Qc7 17. Nf5 Bb4 18. Re3 g6 19. Rh3 Ng7 20. Nh6+ Kh8 21. Rc3 Be7 22. Qf3 Be6 23. Re3 b4 24. Bd2 a5 25. Ng4 Nf5 26. Bxf5 Bxf5 27. Nf6 Bxf6 28. exf6 Rae8 29. Rae1 Re4 30. Rxe4 Bxe4 31. Qh3 Qc6 32. f3 c3 33. bxc3 bxc3 34. Bh6 c2 35. fxe4 Rb8 36. exd5 Qxd5 37. Qe3 Qd7 38. Qe7 Qxe7 39. fxe7 Re8 40. d5 1-0


[Site "https://www.chess.com"]